 Dungeon Crawl Stone Soup version 0.31-a0-846-gb3bcc0d938 (webtiles) character file.

Game seed: 5432314937668789105

11 subawu the Ruffian (level 2, -2/23 HPs)
             Began as a Gnoll Shapeshifter on Oct 3, 2023.
             Slain by a hobgoblin (5 damage)
             ... on level 1 of the Dungeon.
             The game lasted 00:00:36 (248 turns).

subawu the Ruffian (Gnoll Shapeshifter)              Turns: 248, Time: 00:00:37

Health: -2/23      AC:  2    Str: 13    XL:     2   Next: 25%
Magic:  2/2        EV: 13    Int:  9    God:
Gold:   7          SH:  0    Dex: 11    Spells: 1/1 levels left

rFire   . .          .
                       - Unarmed
rCold   . . .        (no shield)
rNeg    . . .        a - +0 animal skin
rPois   .            (helmet currently unavailable)
rElec   .            (cloak currently unavailable)
rCorr   .            (gloves currently unavailable)
SInv    .            (boots currently unavailable)
Will    .....        (no amulet)
Stlth   +            (no ring)
HPRegen 0.23/turn    (no ring)
MPRegen 0.08/turn

%: no passive effects
@: beast-form
A: beast (slay +3), fangs 1, strong nose, distributed training
a: Begin Untransformation


You were on level 1 of the Dungeon.
You were a hulking beast.
You visited 1 branch of the dungeon, and saw 1 of its levels.

You collected 7 gold pieces.

Inventory:

Armour
 a - a +0 animal skin (worn)
Talismans
 c - a beast talisman (active)
 d - a flux talisman
Potions
 b - a potion of lignification
 e - a potion of curing {unknown}


   Skills:
 + Level 2.4 Fighting
 + Level 0.3 Short Blades
 + Level 0.3 Long Blades
 + Level 0.3 Axes
 + Level 0.3 Maces & Flails
 + Level 0.3 Polearms
 + Level 0.3 Staves
 + Level 0.3 Ranged Weapons
 + Level 0.3 Throwing
 + Level 0.3 Armour
 + Level 4.4 Dodging
 + Level 0.3 Stealth
 + Level 0.3 Shields
 + Level 6.4 Unarmed Combat
 + Level 0.3 Spellcasting
 + Level 0.2 Conjurations
 + Level 0.2 Hexes
 + Level 0.2 Summonings
 + Level 0.2 Necromancy
 + Level 0.2 Translocations
 + Level 0.2 Transmutations
 + Level 0.2 Fire Magic
 + Level 0.2 Ice Magic
 + Level 0.2 Air Magic
 + Level 0.2 Earth Magic
 + Level 0.2 Poison Magic
 + Level 0.4 Invocations
 + Level 0.3 Evocations
 + Level 6.4 Shapeshifting


You had one spell level left.
You didn't know any spells.
Your spell library was empty.

Dungeon Overview and Level Annotations

Branches:
Dungeon (1/15)

Altars:


Innate Abilities, Weirdness & Mutations

You are a hulking beast.
Your limbs bulge with bestial killing power. (Slay +3)
You have very sharp teeth.
Your uncanny sense of smell can sniff out nearby items.
Your experience applies equally to all skills.


Message History

The quokka misses you. The dart slug barely misses you.
You have reached level 2!
Unknown command.
You punch the quokka!
You kill the quokka!
A bat comes into view.
The kobold hits you with a +0 dagger. The hobgoblin misses you.
The rat bites you. The dart slug misses you.
You see here a quokka corpse.
You hit the kobold.
The kobold is moderately wounded.
The kobold hits you with a +0 dagger. The hobgoblin misses you.
The rat bites you. The dart slug misses you.
You punch the kobold!
You kill the kobold!
The hobgoblin hits you. The rat bites you but does no damage.
The hobgoblin barely misses you.
There is an open door here.
Things that are here:
a +0 dagger; 2 stones You closely miss the rat.
You bite the rat, but do no damage. The hobgoblin hits you.
The rat closely misses you. The dart slug launches a dart at you.
The slug dart hits you.
You hit the rat.
You kill the rat!
The bat completely misses you.
The hobgoblin hits you but does no damage.
You miss the bat. The bat hits you.
* * * LOW HITPOINT WARNING * * *
The bat misses you. The dart slug bites you.
* * * LOW HITPOINT WARNING * * *
The hobgoblin barely misses you.
You hit the bat but do no damage. The bat barely misses you.
The hobgoblin hits you.
* * * LOW HITPOINT WARNING * * *
The bat hits you but does no damage.
The dart slug bites you but does no damage.
The bat misses you. The hobgoblin hits you.
You die...

#.#.###..##.# .####
#.#.# #..##.# .....
#.#.# #..##.# ......
#.#.# #..##.# ......
#.#.# #.....#
......#
#.#.####.####
#....###
#.#...##...#
#.$†w####.###.####.#
#..bh)........# #.#
#...g#####...## #.#
#.......#
#.#..####.#
#.......#
#.#.....#)#
#.......#
#.##..##..#
#........
#.##......#
#........
###.####....##
#####.....#...#
#....).#
#.#####..#..>#


You could see a dart slug, a hobgoblin and a bat.

Vanquished Creatures
  A ball python (D:1)
  A giant cockroach (D:1)
  A hobgoblin (D:1)
  3 kobolds (D:1)
  A quokka (D:1)
  A frilled lizard (D:1)
  A rat (D:1)
9 creatures vanquished.

Notes
Turn   | Place    | Note
-------+----------+-------------------------------------------
     0 | D:1      | subawu the Gnoll Shapeshifter began the quest for the Orb.
     0 | D:1      | Reached XP level 1. HP: 17/17 MP: 1/1
   239 | D:1      | Reached XP level 2. HP: 18/23 MP: 2/2
   248 | D:1      | Slain by a hobgoblin

Illustrated notes

Levels and vault maps discovered:
D:1:      dpeg_arrival_long_road, layout_basic, st_stairs_5

Action                     || total
---------------------------++-------
  Melee: Unarmed           ||    17
         Bite              ||     1
 Armour: Animal skin       ||    27
  Dodge: Dodged            ||    18

Table legend: (Time is in decaauts)
 A = Elapsed time spent in this place.
 B = Non-inter-level travel time spent in this place.
 C = Inter-level travel time spent in this place.
 D = Time resting spent in this place.
 E = Time spent auto-exploring this place.
 F = Levels seen in this place.
 G = Mean time per level.
                   A        B        C        D        E       F      G
               +--------+--------+--------+--------+--------+-----+--------+
         Total |    246 |    246 |      0 |     12 |    113 |   1 |  246.0 |
       Dungeon |    246 |    246 |      0 |     12 |    113 |   1 |  246.0 |
               +--------+--------+--------+--------+--------+-----+--------+

Top non-repeatable levels by time:
     D:1: 246 daAuts
